Map: Nightshade LE

Players

Dream

  • Race: Terran Terran
  • Spawn Location: 11:00

Reynor - Winner!

  • Race: Zerg Zerg
  • Spawn Location: 5:00

Event: StayAtHomestory Cup #1

VOD

Have the link to the VOD?

Description

Time

  • Played on: April 11, 2020, 5:19 a.m.
  • Length: 8:49

All games in this series

Show
View Real Time Build Order
Export as new Build Order

Dream Terran 

Build Orders: Hellion Opening, Liberator Opening 

Get SALT Encoding   

  12  0:00  SCV  
  13  0:13  SCV  
  14  0:17  Supply Depot  
  14  0:25  SCV  
  15  0:39  SCV  
  15  0:41  Barracks  
  16  0:46  Refinery  
  16  0:51  SCV  
  17  1:03  SCV  
  18  1:15  SCV  
  19  1:28  Marine  
  19  1:30  Orbital Command  
  20  1:39  Command Center  
  20  1:46  Marine  
  21  1:53  Factory  
  21  1:57  SCV  
  22  2:05  Barracks Reactor  
  22  2:07  Supply Depot  
  22  2:13  SCV  
  22  2:14  Refinery  
  23  2:28  SCV  
  24  2:40  SCV  
  24  2:42  Starport  
  25  2:45  Hellion x2  
  25  2:48  Marine  
  30  2:52  Orbital Command  
  30  2:54  SCV  
  31  3:06  Hellion, Marine  
  31  3:11  Hellion  
  36  3:18  Medivac  
  38  3:23  Armory  
  38  3:25  Marine  
  39  3:29  Hellion  
  39  3:33  Hellion  
  43  3:42  Supply Depot  
  43  3:51  Hellion  
  45  4:00  Barracks Tech Lab  
  45  4:01  SCV  
  46  4:03  SCV, Hellion, Liberator  
  46  4:04  Supply Depot  
  52  4:20  Hellion  
  52  4:22  Stimpack  
  54  4:25  SCV x2, Marine  
  54  4:26  Hellion  
  54  4:27  Supply Depot  
  59  4:37  SCV x2  
  61  4:43  Marine  
  61  4:45  Hellion  
  61  4:49  SCV, Starport Tech Lab  
  61  4:51  SCV, Hellion x2  
  48  5:01  Marine  
  48  5:02  SCV  
  48  5:03  SCV  
  39  5:07  Banshee  
  42  5:17  SCV x2  
  44  5:25  Hellion  
  44  5:26  Hellion  
  44  5:27  Marine  
  47  5:31  Orbital Command  
  47  5:32  Hellion x2  
  42  5:38  SCV  
  43  5:45  Marine  
  44  5:50  Banshee  
  44  5:52  SCV  
  48  5:59  SCV  
  48  6:04  SCV, Marine  
  52  6:11  SCV, Command Center  
  52  6:16  SCV  
  53  6:19  Supply Depot  
  53  6:21  Marine  
  54  6:28  Supply Depot  
  54  6:31  SCV  
  51  6:35  SCV  
  51  6:38  Combat Shield  
  51  6:39  Marine  
  49  6:43  Starport Reactor  
  49  6:45  Factory Reactor  
  49  6:48  SCV x2  
  49  6:51  Barracks  
  49  6:52  Barracks  
  51  7:00  SCV x2  
  53  7:02  Engineering Bay, Marine  
  53  7:04  Engineering Bay  
  54  7:12  SCV  
  54  7:13  SCV  
  54  7:14  Refinery  
  56  7:16  Refinery  
  56  7:20  Marine  
  57  7:24  Orbital Command  
  57  7:25  SCV  
  57  7:27  Medivac x2  
  62  7:34  SCV  
  64  7:37  SCV  
  64  7:41  Marine  
  64  7:44  Marine  
  66  7:47  SCV  
  66  7:49  SCV  
  68  7:52  Siege Tank  
  68  8:02  SCV x3  
  71  8:08  Supply Depot x2  
  71  8:09  Marine x5  
  71  8:10  Barracks  
  71  8:11  Barracks  
  76  8:14  SCV  
  76  8:17  Supply Depot  
  69  8:27  Marine  
  69  8:29  SCV x2, Marine x4  
Show
View Real Time Build Order
Export as new Build Order

Reynor Zerg - Winner!

Build Orders: Hatch First 

Get SALT Encoding   

  12  0:00  Drone  
  13  0:12  Overlord  
  13  0:17  Drone  
  14  0:30  Drone x2  
  16  0:49  Hatchery  
  15  0:51  Drone  
  15  0:54  Drone  
  17  0:57  Drone  
  18  1:08  Extractor  
  17  1:13  Spawning Pool  
  17  1:16  Drone  
  17  1:19  Drone  
  18  1:28  Drone  
  19  1:39  Drone  
  20  1:49  Overlord  
  20  2:01  Zergling x2  
  20  2:02  Zergling x2, Queen x2  
  26  2:11  Drone  
  26  2:12  Drone  
  28  2:23  Hatchery  
  28  2:25  Drone  
  28  2:28  Drone  
  29  2:33  Metabolic Boost  
  29  2:36  Drone  
  30  2:39  Drone  
  31  2:45  Queen  
  31  2:50  Overlord  
  33  2:53  Zergling x2  
  33  2:57  Drone  
  33  2:58  Drone  
  36  3:12  Overlord  
  36  3:13  Drone x2  
  36  3:14  Drone x2  
  36  3:16  Zergling x2  
  41  3:21  Queen  
  41  3:24  Zergling x2  
  44  3:31  Drone  
  44  3:32  Drone  
  46  3:36  Roach Warren  
  46  3:37  Drone  
  46  3:40  Overlord  
  46  3:47  Zergling x2  
  47  3:52  Drone  
  47  3:53  Drone x2  
  47  3:54  Zergling x4  
  47  3:55  Zergling x2  
  53  3:59  Overlord  
  53  4:10  Queen  
  52  4:17  Roach x6  
  52  4:19  Roach  
  64  4:25  Roach  
  64  4:27  Queen  
  68  4:35  Roach  
  68  4:38  Zergling x2  
  68  4:39  Zergling x10  
  72  4:50  Zergling x2, Roach  
  67  4:53  Drone  
  67  4:54  Drone  
  63  5:01  Drone  
  63  5:02  Drone x2  
  63  5:05  Drone  
  65  5:07  Drone  
  65  5:09  Drone  
  65  5:13  Drone  
  68  5:14  Drone  
  68  5:15  Drone  
  68  5:16  Extractor  
  69  5:23  Drone x3  
  72  5:28  Drone  
  72  5:30  Lair  
  72  5:31  Spore Crawler  
  72  5:35  Spore Crawler x2  
  68  5:42  Overlord  
  65  5:49  Overlord  
  67  5:59  Spore Crawler, Extractor  
  67  6:00  Overlord  
  67  6:01  Queen, Drone x6  
  73  6:08  Drone x2  
  73  6:09  Drone  
  73  6:10  Spore Crawler  
  75  6:13  Queen  
  75  6:15  Roach  
  75  6:17  Roach  
  81  6:19  Drone  
  81  6:21  Roach x2  
  80  6:35  Drone x4  
  80  6:36  Drone  
  80  6:38  Glial Reconstitution  
  85  6:40  Drone x2  
  85  6:42  Extractor  
  85  6:43  Extractor  
  85  6:44  Overlord  
  85  6:46  Roach x2  
  88  6:48  Drone  
  89  6:57  Overlord  
  89  6:59  Overseer  
  89  7:01  Queen  
  89  7:06  Roach x2  
  89  7:08  Overlord  
  96  7:16  Overlord  
  96  7:17  Roach x4  
  96  7:21  Overlord  
  104  7:27  Roach x4  
  112  7:33  Overlord  
  112  7:36  Roach x4  
  120  7:43  Drone x4  
  121  7:45  Roach x2  
  121  7:48  Ravager x3  
  127  7:58  Roach x4  
  134  8:03  Zergling x2  
  134  8:04  Zergling x6  
  138  8:10  Zergling x2  
  138  8:11  Overlord x2  
Tags
 
Add a new tag
Caveats
  • Supply blocks, unpowered buildings, or Contaminate may cause inaccurate times.
  • Supply counts are checked every 10 seconds.